 Dungeon Crawl Stone Soup version 0.19-a0-320-gcfc3c9c (webtiles) character file.

20 MrRokkomies the Magician (level 2, -1/23 HPs)
             Began as a Demigod Wizard on May 21, 2016.
             Slain by a kobold
             ... wielding a +0 dagger
              (3 damage)
             ... on level 1 of the Dungeon on May 28, 2016.
             The game lasted 00:02:34 (1107 turns).

MrRokkomies the Magician (Demigod Wizard)           Turns: 1107, Time: 00:02:35

Health: -1/23      AC:  2    Str: 10    XL:     2   Next: 42%
Magic:  8/8        EV: 12    Int: 22    God:
Gold:   0          SH:  0    Dex: 14    Spells: 3 memorised, 1 level left

rFire  . . .     SeeInvis .     e - +0 dagger
rCold  . . .     Gourm    .     a - +0 robe
rNeg   . . .     Faith    .     (no shield)
rPois  .         Spirit   .     b - +0 hat
rElec  .         Dismiss  .     (no cloak)
rCorr  .         Reflect  .     (no gloves)
SustAt +         Harm     .     (no boots)
MR     .....                    (no amulet)
Stlth  ++........               (no ring)
                                (no ring)

@: not resistant to hostile enchantments, unstealthy
A: high mp 1, sustain attributes
a: no special abilities


You were on level 1 of the Dungeon.
You were hungry.

You visited 1 branch of the dungeon, and saw 1 of its levels.

Inventory:

Hand Weapons
 e - a +0 dagger (weapon)
Armour
 a - a +0 robe (worn)
 b - a +0 hat (worn)
Scrolls
 h - a scroll of identify {unknown}
 i - 3 scrolls of magic mapping {unknown}
Potions
 f - a potion of heal wounds {unknown}
 g - 3 potions of ambrosia {unknown}
Books
 c - a book of Minor Magic

   Spells                             Type                      Level
   a - Magic Dart                     Conjuration                  1
   b - Blink                          Translocation                2
   c - Call Imp                       Summoning                    2
   d - Repel Missiles                 Charms/Air                   2
   e - Slow                           Hexes                        2
   f - Conjure Flame                  Conjuration/Fire             3
   g - Mephitic Cloud                 Conjuration/Poison/Air       3
Comestibles
 d - 2 bread rations
 j - 2 fruits


   Skills:
 * Level 1.5 Fighting
 - Level 1.7 Dodging
 - Level 1.7 Stealth
 - Level 2.6 Spellcasting
 * Level 1.5 Conjurations
 - Level 0.8 Summonings
 - Level 0.8 Translocations


You had one spell level left.
You knew the following spells:

 Your Spells              Type           Power        Failure   Level  Hunger
a - Magic Dart            Conj           #...         10%         1    None
b - Blink                 Tloc           N/A          14%         2    ##.....
c - Call Imp              Summ           #.......     14%         2    ##.....


Dungeon Overview and Level Annotations

Branches:
Dungeon (1/15)


Innate Abilities, Weirdness & Mutations

You have an increased reservoir of magic. (+10% MP)
Your attributes are resistant to harm.


Message History

You barely miss the kobold. The kobold hits you but does no damage.
You miss the kobold. The kobold hits you with a dagger.
You hit the kobold.
The kobold is moderately wounded.
The kobold hits you with a dagger.
* * * LOW HITPOINT WARNING * * *
You hit the kobold.
The kobold is severely wounded.
The kobold barely misses you.
You closely miss the kobold.
The kobold is severely wounded.
The kobold closely misses you.
You hit the kobold but do no damage.
The kobold is severely wounded.
The kobold hits you with a dagger.
* * * LOW HITPOINT WARNING * * *
You completely miss the kobold.
The kobold is severely wounded.
The kobold hits you with a dagger.
You die...

#.# #.# #.# ##### #.####### #...#
## ##.##....# #...# ...
)#.......# #...# ....
....#....##########..(###....
.[)............K@%(..........
.#####.############..........
>............................
.#####...##########..........
................# ###.####### .
...#..#...#...#.#####.(..####....
......#.#.#.......##...#.........
.#.#..#.......#.#.....##.########
.#.#..###.#...#.....#.##.## ###..


You could see a kobold.

Vanquished Creatures
  A dart slug (D:1)
  A giant gecko (D:1)
  A ball python (D:1)
  4 goblins (D:1)
  2 hobgoblins (D:1)
  2 giant newts (D:1)
  2 kobolds (D:1)
  4 rats (D:1)
17 creatures vanquished.

Notes
Turn   | Place    | Note
--------------------------------------------------------------
     0 | D:1      | MrRokkomies the Demigod Wizard began the quest for the Orb.
     0 | D:1      | Reached XP level 1. HP: 14/14 MP: 6/6
    35 | D:1      | Reached skill level 1 in Conjurations
   217 | D:1      | Reached skill level 1 in Fighting
   280 | D:1      | Reached XP level 2. HP: 7/23 MP: 5/8
   324 | D:1      | Learned a level 2 spell: Blink
   327 | D:1      | Learned a level 2 spell: Call Imp
   970 | D:1      | Upgraded the game from 0.19-a0-160-gd53b84c to 0.19-a0-320-gcfc3c9c
  1107 | D:1      | Slain by a kobold

Vault maps used:
D:1:      dpeg_arrival_round_b

Skill      XL: |  1 |
---------------+----+-----
Conjurations   | 1 |  1.5
Fighting       | 1 |  1.5
Dodging        | |  1.7
Stealth        | |  1.7
Spellcasting   | |  2.6
Summonings     | |  0.8
Translocations | |  0.8

Action                   || total
-------------------------++-------
Melee: Dagger            ||    53
       Unarmed           ||     5
 Cast: Magic Dart        ||    22
Armor: Robe              ||     8
Dodge: Dodged            ||    27
